 Dungeon Crawl Stone Soup version 0.32-a0-612-g1c984fe9d1 (webtiles) character file.

Game seed: 6300813901494898483

9 backslashecho the Chopper (level 2, -1/24 HPs)
             Began as a Coglin Berserker on Mar 4, 2024.
             Was a Follower of Trog.
             Succumbed to a goblin's poison
             ... on level 1 of the Dungeon.
             The game lasted 00:00:49 (435 turns).

backslashecho the Chopper (Coglin Berserker)         Turns: 435, Time: 00:00:49

Health: -1/24      AC:  2    Str: 17    XL:     2   Next: 12%
Magic:  2/2        EV: 12    Int:  6    God:    Trog [*.....]
Gold:   40         SH:  0    Dex: 13    Spells: 1/1 levels left

rFire   . . .        a - +0 hand axe {Shi}
rCold   . . .        c - +0 dagger {Gilbert}
rNeg    . . .        b - +0 animal skin
rPois   .            (no helmet)
rElec   .            (no cloak)
rCorr   .            (no gloves)
SInv    .            (no boots)
Will    .....        (amulet unavailable)
Stlth   +            (ring unavailable)
HPRegen 0.24/turn    (ring unavailable)
MPRegen 0.08/turn    (no gizmo)

%: no passive effects
@: lethally poisoned (-1 -> -12), revving
A: off-hand wielding, slow wielding, warmup strikes, no jewellery
a: Invent Gizmo, Renounce Religion, Berserk


You were on level 1 of the Dungeon.
You worshipped Trog.
Trog was aware of your devotion.
You visited 1 branch of the dungeon, and saw 1 of its levels.

You collected 40 gold pieces.

Inventory:

Hand Weapons
 a - a +0 hand axe (weapon) {Shi}
 c - a +0 dagger (offhand) {Gilbert}
Armour
 b - a +0 animal skin (worn)
 f - a +0 cloak
Scrolls
 e - a scroll of noise


   Skills:
 + Level 3.0 Fighting
 * Level 0.5 Short Blades
 * Level 3.1 Axes
 - Level 2.0 Armour
 + Level 1.8 Dodging


You had one spell level left.
You didn't know any spells.
Your spell library was empty.

Dungeon Overview and Level Annotations

Branches:
Dungeon (1/15)

Altars:


Innate Abilities, Weirdness & Mutations

You can wield a second weapon in your off-hand.
It takes a long time for you to wield or remove held weapons.
Your first few attacks do less damage.
You cannot equip rings or amulets.


Message History

A quokka is nearby!
A quokka is nearby!
The quokka barely misses you.
You barely miss the quokka with your +0 dagger.
You hit the quokka but do no damage. The quokka barely misses you.
The quokka bites you.
You take 2 damage, and have 16/18 hp.
You hit the quokka with your +0 hand axe.
The quokka is severely wounded.
You hit the quokka with your +0 dagger.
You kill the quokka!
Trog accepts your kill.
You have reached level 2!
You regained 6 hp, and now have 22/24 hp.
MP restored: 2 As you open the door, it creaks loudly!
There is an open door here.
As you open the door, it creaks loudly!
Found a stone staircase leading down.
There is an open door here.
Health restored: 24 A kobold comes into view.
It is wielding a +0 whip.
Found a mace.
The kobold shouts!
A kobold is nearby!
No target in view!
No target in view!
The kobold hits you with a +0 whip.
You take 2 damage, and have 22/24 hp.
You hit the kobold with your +0 hand axe.
The kobold is severely wounded.
You hit the kobold with your +0 dagger.
You kill the kobold!
Trog accepts your kill.
No target in view!
No target in view!
Things that are here:
a +0 whip; 3 stones; a kobold corpse You open the door.
There is an open door here.
You see here a +0 mace.
You now have 40 gold pieces (gained 3).
Found a dagger.
Health restored: 24 A bat comes into view.
A bat is nearby!
A goblin comes into view. It is wielding a +2 dagger of venom.
The goblin shouts!
The bat hits you but does no damage.
You closely miss the bat with your +0 hand axe.
You closely miss the bat with your +0 dagger.
The bat hits you but does no damage. The goblin closely misses you.
The bat misses you.
You miss the goblin with your +0 hand axe.
You hit the bat with your +0 hand axe.
You completely miss the goblin with your +0 dagger.
The bat closely misses you. The bat barely misses you.
The goblin hits you with a +2 dagger of venom.
You are poisoned.
You take 3 damage, and have 21/24 hp.
You closely miss the bat with your +0 dagger.
The bat is moderately wounded.
You closely miss the bat with your +0 hand axe.
You barely miss the goblin with your +0 hand axe.
You feel sick. The bat hits you. The bat hits you but does no damage.
The goblin hits you with a +2 dagger of venom.
You are lethally poisoned!
You take 4 damage, and have 17/24 hp.
You hit the bat but do no damage.
The bat is moderately wounded.
You hit the goblin with your +0 hand axe.
You closely miss the bat with your +0 dagger.
You feel very sick. The bat barely misses you.
The goblin hits you but does no damage.
You are more poisoned.
The goblin hits you with a +2 dagger of venom.
You take 8 damage, and have 9/24 hp.
MASSIVE DAMAGE!!
You are too injured to fight recklessly!
* * * LOW HITPOINT WARNING * * *
You feel very sick. The bat hits you.
* * * LOW HITPOINT WARNING * * *
You take 4 damage, and have 5/24 hp.
You slash the goblin with your +0 hand axe!
You kill the goblin!
Trog accepts your kill.
* * * LOW HITPOINT WARNING * * *
You feel very sick. The bat barely misses you.
Training target 2.0 for Armour reached!
Your Armour skill increases to level 2!
You take 4 damage, and have 1/24 hp.
You aren't carrying any potions.
You aren't carrying any potions.
You aren't carrying any potions.
Okay, then.
As you read the scroll labelled RUURIH DESIASHA, it crumbles to dust.
It is a scroll of identify.
e - a scroll of noise You die...

##
#.#........#.##.......
.#
##.########......#####
.# #.# ###.....# #
#.##### ##...## ..#
#.##.. ##.## ..#
#.##.# #.# ..#
#.##.##### #.# #.#
#........# #+# #.#####
####@###.##. ......
#))...... ...### #
#b###.##. .....##.##
... .......... .....
.....##.# ##...##
.....##.# ##.##
........# ###
##.######


You could see a bat.

Vanquished Creatures
  An endoplasm (D:1)
  2 goblins (D:1)
  2 kobolds (D:1)
  A quokka (D:1)
  A ball python (D:1)
  A frilled lizard (D:1)
8 creatures vanquished.

Notes
Turn   | Place    | Note
-------+----------+-------------------------------------------
     0 | D:1      | backslashecho the Coglin Berserker began the quest for the
                  | Orb.
     0 | D:1      | Reached XP level 1. HP: 18/18 MP: 1/1
   304 | D:1      | Reached XP level 2. HP: 22/24 MP: 2/2
   434 | D:1      | HP: 1/24 [poisoned by a goblin]
   435 | D:1      | Succumbed to a goblin's poison

Illustrated notes

Levels and vault maps discovered:
D:1:      lemuel_arrival_rhombus, layout_loops_corners, serial_bayou_pond_b

Skill      XL: |  1  2 |
---------------+-------+-----
Armour         | 2 |  2.0
Fighting       | |  3.0
Short Blades   | |  0.5
Axes           | |  3.1
Dodging        | |  1.8

Action                     || total
---------------------------++-------
  Melee: Hand axe          ||    14
         Dagger            ||    12
    Use: Scroll            ||     1
 Armour: Animal skin       ||    14
  Dodge: Dodged            ||    11

Table legend: (Time is in decaauts)
 A = Elapsed time spent in this place.
 B = Non-inter-level travel time spent in this place.
 C = Inter-level travel time spent in this place.
 D = Time resting spent in this place.
 E = Time spent auto-exploring this place.
 F = Levels seen in this place.
 G = Mean time per level.
                   A        B        C        D        E       F      G
               +--------+--------+--------+--------+--------+-----+--------+
         Total |    436 |    436 |      0 |      0 |    394 |   1 |  436.0 |
       Dungeon |    436 |    436 |      0 |      0 |    394 |   1 |  436.0 |
               +--------+--------+--------+--------+--------+-----+--------+

Top non-repeatable levels by time:
     D:1: 436 daAuts
